Map: Lerilak Crest

Players

LilDicky - Winner!

  • Race: Terran Terran
  • League: Diamond

TyTySs

  • Race: Terran Terran
  • League: Platinum

VOD

http://www.twitch.tv/tumescentpie

Description

Time

  • Played on: Dec. 7, 2015, 3:04 p.m.
  • Length: 11:23
Show
View Real Time Build Order
Export as new Build Order

LilDicky Terran - Winner!

Build Orders: 1/1/1, Mech, Banshee Rush 

Get SALT Encoding   

  12  0:01  SCV  
  13  0:13  SCV  
  14  0:20  Supply Depot  
  14  0:25  SCV  
  15  0:30  Refinery  
  15  0:42  SCV  
  16  0:46  Barracks  
  16  0:54  SCV  
  17  1:10  SCV  
  17  1:22  SCV  
  17  1:25  Refinery  
  18  1:36  Factory  
  18  1:37  Supply Depot  
  20  1:42  Orbital Command  
  18  1:55  Reaper  
  19  2:09  SCV  
  20  2:19  Hellion  
  20  2:21  SCV  
  23  2:23  Starport  
  23  2:26  Marine  
  24  2:33  SCV  
  25  2:42  Widow Mine  
  27  2:47  Supply Depot  
  27  2:48  Marine  
  28  3:00  Starport Tech Lab  
  28  3:03  SCV  
  29  3:06  Marine  
  30  3:22  Banshee, Cloaking Field  
  30  3:25  SCV, Hellion, Marine  
  37  3:31  Engineering Bay  
  37  3:34  Supply Depot  
  37  3:48  Marine  
  37  3:50  Hellion  
  37  3:51  SCV  
  41  4:06  Marine  
  41  4:11  Banshee  
  41  4:12  SCV  
  45  4:18  Widow Mine  
  45  4:24  SCV, Marine  
  49  4:31  Missile Turret  
  49  4:42  Marine  
  44  4:56  Factory Tech Lab  
  34  5:36  SCV  
  34  5:40  Siege Tank  
  34  5:41  Banshee  
  41  5:43  Marine  
  41  5:49  Command Center  
  42  6:00  Marine  
  43  6:12  SCV  
  44  6:18  Marine  
  42  6:28  Siege Tank  
  45  6:35  Factory  
  45  6:36  Factory, Marine  
  45  6:38  Command Center  
  46  6:47  Banshee  
  49  6:54  Marine  
  49  7:00  SCV  
  51  7:02  Starport  
  51  7:03  Orbital Command  
  51  7:06  Refinery  
  49  7:12  Marine  
  41  7:30  Marine  
  41  7:34  Siege Tank  
  39  7:38  SCV  
  39  7:39  SCV  
  41  7:45  Factory Tech Lab x2  
  41  7:47  Marine, Refinery, Starport Reactor  
  41  7:49  Banshee  
  41  7:51  SCV  
  46  7:56  SCV  
  47  8:03  SCV  
  48  8:07  Marine  
  48  8:08  SCV  
  48  8:09  Siege Tank x3  
  59  8:13  Refinery  
  59  8:15  SCV  
  59  8:19  Orbital Command  
  60  8:25  Marine  
  61  8:28  SCV  
  61  8:32  Viking x2  
  66  8:38  SCV  
  66  8:39  Supply Depot  
  66  8:40  SCV  
  68  8:43  Marine  
  68  8:46  Siege Tank  
  72  8:51  Viking  
  74  9:00  Missile Turret  
  74  9:04  Supply Depot  
  74  9:09  Viking  
  76  9:10  Viking  
  78  9:29  SCV  
  79  9:34  Siege Tank x2  
  85  9:42  Viking x3  
  91  9:51  Marine  
  92  10:09  Marine  
  92  10:12  SCV  
  90  10:14  Siege Tank x2  
  83  10:53  Viking x2  
Show
View Real Time Build Order
Export as new Build Order

TyTySs Terran 

Build Orders: Bio Tank, MMM Bio 

Get SALT Encoding   

  12  0:01  SCV  
  13  0:13  SCV  
  14  0:19  Supply Depot  
  14  0:25  SCV  
  15  0:40  SCV  
  15  0:42  Barracks  
  16  0:48  Refinery  
  16  0:52  SCV  
  17  1:01  Barracks  
  17  1:05  SCV  
  18  1:17  SCV  
  19  1:30  Orbital Command  
  19  1:31  Marine  
  20  1:38  Supply Depot  
  20  1:47  Marine  
  20  1:51  Marine  
  22  1:57  SCV  
  23  2:07  Factory, Marine  
  24  2:09  Marine  
  24  2:10  SCV  
  26  2:22  SCV  
  27  2:27  Marine x2  
  29  2:34  SCV  
  30  2:46  SCV  
  30  2:47  Command Center, Barracks Tech Lab  
  31  2:55  Starport  
  30  2:59  Marine  
  30  3:02  Factory Tech Lab  
  31  3:11  Supply Depot  
  31  3:18  Engineering Bay  
  31  3:21  Refinery  
  31  3:26  Stimpack  
  31  3:33  SCV  
  32  3:39  Supply Depot  
  32  3:45  SCV  
  33  3:49  Missile Turret  
  33  3:53  Viking  
  35  3:56  Marine  
  35  3:57  SCV  
  37  4:09  SCV  
  38  4:17  Factory Tech Lab  
  38  4:18  Marine  
  38  4:19  Missile Turret, Marine  
  38  4:21  SCV  
  41  4:37  Raven  
  32  4:58  Marine  
  32  4:59  Marine  
  28  5:26  Viking  
  28  5:38  SCV  
  28  5:40  Marine x2  
  28  5:41  Combat Shields  
  31  5:45  Barracks  
  31  5:49  Barracks  
  31  5:52  Barracks  
  31  5:56  SCV  
  32  5:58  Marine  
  33  6:11  Siege Tank  
  33  6:17  SCV  
  37  6:29  SCV  
  38  6:41  SCV  
  39  6:47  Siege Tank  
  39  6:49  Barracks Reactor  
  39  6:51  Barracks Reactor x2  
  59  6:54  Orbital Command  
  42  7:03  Missile Turret  
  42  7:06  Missile Turret  
  42  7:18  Missile Turret  
  39  7:34  Orbital Command  
  39  7:45  SCV  
  39  7:49  Marine  
  39  7:50  Marine x6  
  47  7:52  Concussive Shells  
  47  7:57  SCV, Siege Tank  
  51  7:58  Supply Depot  
  51  8:01  SCV  
  51  8:05  Barracks  
  52  8:07  Marine x2  
  54  8:16  Starport Reactor  
  54  8:20  SCV, Marine  
  54  8:23  Missile Turret  
  54  8:25  SCV  
  57  8:29  Siege Tank  
  57  8:31  Marine x2  
  62  8:48  Barracks Reactor  
  62  8:49  Terran Infantry Weapons Level 1  
  62  8:53  Supply Depot  
  62  8:57  Armory  
  62  9:02  Engineering Bay  
  62  9:14  Marine x2  
  62  9:15  SCV x2, Siege Tank  
  62  9:16  Supply Depot  
  69  9:20  Supply Depot  
  69  9:22  Supply Depot  
  69  9:27  SCV  
  70  9:36  Refinery  
  70  9:37  SCV, Medivac x2  
  75  9:39  SCV, Refinery  
  76  9:48  Marine x2  
  76  9:49  SCV  
  76  9:51  SCV  
  69  10:01  SCV  
  66  10:07  Viking x2  
  68  10:17  SCV  
  63  10:29  Missile Turret  
  63  10:33  Missile Turret  
  53  10:49  Marauder, Marine x2  
  50  10:50  Marauder, Marine x5  
  50  10:53  Marine  
Tags
 
Add a new tag
Caveats
  • Supply blocks, unpowered buildings, or Contaminate may cause inaccurate times.
  • Supply counts are checked every 10 seconds.